 Dungeon Crawl Stone Soup version 0.29-a0-477-g62b78b4225 (webtiles) character file.

Game seed: 11362630571236946256

38 xian the Skirmisher (level 3, -4/34 HPs)
             Began as a Minotaur Fighter on May 25, 2022.
             Slain by an orc
             ... wielding a +0 mace
              (6 damage)
             ... on level 3 of the Dungeon.
             The game lasted 00:03:51 (1691 turns).

xian the Skirmisher (Minotaur Fighter)              Turns: 1691, Time: 00:03:52

Health: -4/34      AC:  7    Str: 22    XL:     3   Next: 25%
Magic:  2/2        EV:  9    Int:  5    God:
Gold:   71         SH:  4    Dex:  9    Spells: 2/2 levels left

rFire   . . .      SeeInvis .   a - +0 long sword
rCold   . . .      Faith    .   c - +0 buckler
rNeg    . . .      Spirit   .   b - +0 scale mail
rPois   .          Reflect  .   (helmet restricted)
rElec   .          Harm     .   (no cloak)
rCorr   .          Rampage  .   (no gloves)
Will    .....                   (no boots)
Stlth   ..........              (no amulet)
HPRegen 0.11/turn               (no ring)
MPRegen 0.08/turn               (no ring)

@: mighty
A: horns 2, retaliatory headbutt
a: no special abilities


You were on level 3 of the Dungeon.
You visited 1 branch of the dungeon, and saw 3 of its levels.

You collected 71 gold pieces.

Inventory:

Hand Weapons
 a - a +0 long sword (weapon)
Armour
 b - a +0 scale mail (worn)
 c - a +0 buckler (worn)
 m - a +1 pair of boots
Scrolls
 e - 3 scrolls of identify {unknown}
 f - a scroll of silence {unknown}
 g - a scroll of enchant weapon {unknown}
 h - a scroll of blinking {unknown}
 k - a scroll of immolation {unknown}
 l - a scroll of amnesia {unknown}
Potions
 d - a potion of might
 i - a potion of berserk rage {unknown}
 j - a potion of ambrosia {unknown}


   Skills:
 + Level 4.4 Fighting
 + Level 2.9 Long Blades
 + Level 4.0 Armour
 + Level 0.4 Dodging
 + Level 3.9 Shields


You had 2 spell levels left.
You didn't know any spells.
Your spell library was empty.

Dungeon Overview and Level Annotations

Branches:
Dungeon (3/15)

Altars:
Sif Muna

Shops:
D:2 (


Innate Abilities, Weirdness & Mutations

You have a pair of horns on your head.
You reflexively headbutt those who attack you in melee.


Message History

m - a +1 pair of boots The orc attacks as you move away!
The orc completely misses you. You furiously retaliate!
You headbutt the orc, but do no damage. The orc hits you with a +0 dagger.
An orc comes into view. It is wielding a +0 hand axe.
The orc barely misses you. The orc attacks as you move away!
You block the orc's attack.
The orc shouts!
You hear a shout! x2
The orc attacks as you move away! You block the orc's attack.
The gnoll hits you with a +0 spear.
A bat comes into view.
You block the gnoll's attack. The orc closely misses you.
You furiously retaliate!
You headbutt the orc!
You kill the orc!
Your Armour skill increases to level 4!
The bat hits you but does no damage.
You miss the bat. The bat closely misses you.
The gnoll hits you from afar with a +0 spear!
* * * LOW HITPOINT WARNING * * *
You barely miss the bat. The bat hits you but does no damage. x2
The gnoll hits you from afar with a +0 spear.
* * * LOW HITPOINT WARNING * * *
The bat hits you but does no damage. The orc attacks as you move away!
The orc barely misses you. You furiously retaliate!
You headbutt the orc, but do no damage. You block the bat's attack.
You see here a scroll labelled DIOPTE YFEOGGO.
The orc attacks as you move away! You block the orc's attack.
The bat hits you but does no damage.
You feel very mighty all of a sudden. The bat misses you.
You furiously retaliate!
You headbutt the bat!
You kill the bat!
The gnoll hits you from afar with a +0 spear.
* * * LOW HITPOINT WARNING * * *
The orc hits you but does no damage.
You barely miss the orc. Your headbutt misses the orc.
The gnoll hits you from afar with a +0 spear.
* * * LOW HITPOINT WARNING * * *
The gnoll closely misses you. The orc hits you with a +0 mace.
You die...

####### ##.....##
##.......## #.........#
#.........# #.........#
#....†..(.#
#....@....###
...####...o......# ##.
........†ogg...#.. ...
.........g.g.).######.#
...$..................#
..............(####...#
..............(####...#
......#..........##...#
.............###.##..<#


You could see 4 gnolls and 2 orcs.

Vanquished Creatures
  An orc (D:3)
  2 ball pythons (D:1)
  3 endoplasms
  4 giant cockroaches
  2 goblins
  3 hobgoblins
  3 kobolds
  3 quokkas
  6 bats
  A frilled lizard (D:1)
  2 rats
30 creatures vanquished.

Notes
Turn   | Place    | Note
-------+----------+-------------------------------------------
     0 | D:1      | xian the Minotaur Fighter began the quest for the Orb.
     0 | D:1      | Reached XP level 1. HP: 19/19 MP: 0/0
   106 | D:1      | Reached XP level 2. HP: 27/27 MP: 1/1
   611 | D:1      | Found a faded altar of an unknown god.
  1174 | D:2      | Reached XP level 3. HP: 34/34 MP: 2/2
  1209 | D:2      | Found Jufull's Antique Weapon Shop.
  1538 | D:2      | Found a shimmering blue altar of Sif Muna.
  1691 | D:3      | Slain by an orc

Illustrated notes

Levels and vault maps discovered:
D:1:      minmay_arrival_wavy_path, layout_basic,
          shapermc_ecumenical_altar_ellora, chequers_serial_rivers_small_3
D:2:      layout_loops_cross, serial_shops, nicolae_shop_window_shopping,
          basic_altar
D:3:      layout_rooms, mainiacjoe_overflow_alcove_4

Skill      XL: |  1  2  3 |
---------------+----------+-----
Fighting       | 4 |  4.4
Armour         | 4 |  4.0
Long Blades    | |  2.9
Dodging        | |  0.4
Shields        | |  3.9

Action                   || total
-------------------------++-------
Melee: Long sword        ||    62
       Headbutt          ||    12
  Use: Potion            ||     1
Armor: Scale mail        ||    46
Dodge: Dodged            ||    53
Block: Buckler           ||    31

Table legend: (Time is in decaauts)
 A = Elapsed time spent in this place.
 B = Non-inter-level travel time spent in this place.
 C = Inter-level travel time spent in this place.
 D = Time resting spent in this place.
 E = Time spent auto-exploring this place.
 F = Levels seen in this place.
 G = Mean time per level.
                   A        B        C        D        E       F      G
               +--------+--------+--------+--------+--------+-----+--------+
         Total |   1711 |   1674 |     37 |      0 |   1362 |   3 |  570.3 |
       Dungeon |   1711 |   1674 |     37 |      0 |   1362 |   3 |  570.3 |
               +--------+--------+--------+--------+--------+-----+--------+

Top non-repeatable levels by time:
     D:1: 1138 daAuts
     D:2: 503 daAuts
     D:3: 70 daAuts
